 Dungeon Crawl Stone Soup version 0.29-a0-338-g1ff7896281 (webtiles) character file.

Game seed: 9262395091096498049

10212 Dauddaud the Severer (level 11, -1/141 HPs)
             Began as a Minotaur Berserker on Apr 18, 2022.
             Was a High Priest of Trog.
             Killed from afar by Lodul (23 damage)
             ... with a bolt of lightning
             ... on level 10 of the Dungeon.
             The game lasted 00:19:37 (10766 turns).

Dauddaud the Severer (Minotaur Berserker)          Turns: 10766, Time: 00:19:38

Health: -1/141     AC: 25    Str: 26    XL:     11   Next: 33%
Magic:  10/10      EV:  2    Int:  4    God:    Trog [*****.]
Gold:   642        SH:  0    Dex: 10    Spells: 10/10 levels left

rFire   . . .      SeeInvis .   E - +0 war axe
rCold   . . .      Faith    .   (no shield)
rNeg    . . .      Spirit   .   (body armour currently unavailable)
rPois   +          Reflect  .   (helmet currently unavailable)
rElec   .          Harm     .   (cloak currently unavailable)
rCorr   .          Rampage  .   (gloves currently unavailable)
Will    ++...      NoTele   +   (boots currently unavailable)
Stlth   +.........              d - amulet of regeneration
HPRegen 2.13/turn               (no ring)
MPRegen 0.12/turn               (no ring)

@: tree-form, strong-willed, on berserk cooldown, regenerating, slowed, very
slow
A: stationary, stasis, torment immunity, boosted hp, (horns 2), (retaliatory
headbutt)
a: Renounce Religion, Berserk, Trog's Hand, Brothers in Arms


You were on level 10 of the Dungeon.
You worshipped Trog.
Trog was extremely pleased with you.
You were a tree.
You visited 1 branch of the dungeon, and saw 10 of its levels.

You collected 642 gold pieces.

Inventory:

Hand Weapons
 a - a +0 hand axe
 E - a +0 war axe (weapon)
Missiles
 v - 2 throwing nets (quivered)
Armour
 b - a +0 animal skin
 c - a +0 ring mail
 w - a +0 plate armour (melded)
 B - a +0 pair of gloves (melded)
Jewellery
 d - an amulet of regeneration (around neck)
Wands
 m - a wand of flame (9)
 o - a wand of iceblast (15)
 y - a wand of mindburst (11)
 D - a wand of acid (4)
Scrolls
 f - 4 scrolls of fog
 g - 3 scrolls of immolation {unknown}
 i - a scroll of noise {unknown}
 l - 6 scrolls of vulnerability
 n - 2 scrolls of amnesia {unknown}
 p - a scroll of enchant armour {unknown}
 q - a scroll of fear
 r - 3 scrolls of teleportation
 z - a scroll of silence
 C - a scroll of identify
Potions
 e - 2 potions of cancellation {unknown}
 h - 4 potions of lignification
 j - 3 potions of brilliance {unknown}
 k - 2 potions of heal wounds {unknown}
 s - 4 potions of degeneration {unknown}
 t - a potion of haste {unknown}
 u - 2 potions of attraction {unknown}
 x - 2 potions of mutation {unknown}
 A - 3 potions of curing {unknown}
 F - a potion of resistance {unknown}


   Skills:
 * Level 7.8 Fighting
 - Level 17.7 Axes
 * Level 5.5 Throwing
 + Level 5.2 Armour
 - Level 2.2 Dodging
 + Level 3.3 Evocations


You had 10 spell levels left.
You didn't know any spells.
Your spell library was empty.

Dungeon Overview and Level Annotations

Branches:
Dungeon (10/15)            Temple (0/1) D:7
   Lair: D:8-11         Orc: D:9-12

Altars:
Dithmenos
Elyvilon
Gozag
Hepliaklqana
Kikubaaqudgha
Makhleb
Trog
Vehumet
Wu Jian
Xom

Shops:
D:3 [=[   D:8 *   D:9 *   D:10 (

Annotations:
D:10 Lodul


Innate Abilities, Weirdness & Mutations

You are a tree.
Your roots penetrate the ground, keeping you stationary.
You cannot be teleported.
You are immune to unholy pain and torment.
Your maximum health is greatly increased.
Your equipment is partially melded.
((You have a pair of horns on your head.))
((You reflexively headbutt those who attack you in melee.))


Message History

The two-headed ogre is almost dead.
The two-headed ogre hits you with a +0 giant club.
* * * LOW HITPOINT WARNING * * *
The two-headed ogre hits you with a +0 giant club!
* * * LOW HITPOINT WARNING * * *
You feel a strong urge to attack something.
You are no longer berserk.
You are exhausted.
You feel yourself slow down.
As you read the scroll of fear, it crumbles to dust.
You assume a fearsome visage.
Lodul looks frightened!
The two-headed ogre looks frightened!
The two-headed ogre resists with some effort.
The two-headed ogre looks frightened!
Okay, then.
It was a potion of lignification.
You turn into a tree.
Your +0 pair of gloves melds into your body.
Your +0 plate armour melds into your body.
Your roots penetrate the ground.
The two-headed ogre hits you with a +0 giant club!
* * * LOW HITPOINT WARNING * * *
The two-headed ogre hits you but does no damage.
You slice the two-headed ogre!!
You kill the two-headed ogre!
Trog accepts your kill.
A two-headed ogre comes into view.
It is wielding a +0 giant spiked club and a +0 giant club.
You cannot teleport because you are held in place by your roots.
Okay, then.
Your skin crawls.
You feel strong-willed.
The two-headed ogre seems to regain its courage.
Your deep troll goes berserk!
A two-headed ogre comes into view. It is wielding two +0 giant clubs.
The two-headed ogre shouts in stereo!
You hit the two-headed ogre but do no damage.
Your deep troll bites the two-headed ogre!
Your deep troll claws the two-headed ogre!! x2
Electricity crackles from Lodul's apparatus.
The bolt of lightning hits you!!
You die...

### .# .# .#### ###
###### #.... ..# ....
...# #.# #..# ...# #.#
.# #..###..O### #.#
.######.T#)).....# #.#
####.##....♣OO.#...#.#
#.# #....##.###..###...#
#.#
##............O.......
#.#
#8.<.8##.###........O...
..#
#...##...########.##.##
### #.∩.#.....# .# ...
## ##.........# .# ## .#
#8.>.8.....# .#
##....#...##


You could see Lodul, 3 two-headed ogres and a friendly deep troll (summoned,
berserk).

Vanquished Creatures
  3 two-headed ogres
  A gargoyle (D:9)
  The ghost of stil the Skirmisher, an amateur MiFi of Makhleb (D:6)
  2 trolls
  Grinder (D:3)
  A shadow (D:9)
  2 steam dragons
  18 yaks
  A water moccasin (D:5)
  3 orc warriors
  A sky beast (D:7)
  A black bear (D:6)
  4 ogres
  A centaur (D:8)
  8 kobold brigands
  4 bullfrogs
  A gnoll sergeant (D:9)
  3 scorpions
  6 wights (D:8)
  12 killer bees
  A howler monkey (D:8)
  A jelly (D:6)
  4 hounds
  A gnoll shaman (D:6)
  8 orc priests
  8 iguanas
  10 orc wizards
  11 gnolls
  9 adders
  2 shadow imps
  2 white imps
  3 dart slugs
  42 orcs
  10 ball pythons
  11 endoplasms
  7 giant cockroaches
  11 goblins
  9 hobgoblins
  16 kobolds
  6 quokkas
  2 bats
  3 frilled lizards
  5 rats
256 creatures vanquished.

Vanquished Creatures (collateral kills)
  4 kobold brigands (D:6)
4 creatures vanquished.

Vanquished Creatures (others)
  A bush (D:10)
  3 fungi (D:6)
  5 plants
9 creatures vanquished.

Grand Total: 269 creatures vanquished

Notes
Turn   | Place    | Note
-------+----------+-------------------------------------------
     0 | D:1      | Dauddaud the Minotaur Berserker began the quest for the
                  | Orb.
     0 | D:1      | Reached XP level 1. HP: 19/19 MP: 0/0
    49 | D:1      | Reached skill level 4 in Axes
   169 | D:1      | Found a faded altar of an unknown god.
   179 | D:1      | Reached XP level 2. HP: 23/27 MP: 1/1
   581 | D:1      | Reached ** piety under Trog
   594 | D:1      | Reached skill level 5 in Axes
   595 | D:1      | Reached XP level 3. HP: 32/33 MP: 2/2
  1406 | D:2      | Reached skill level 6 in Axes
  1406 | D:2      | Reached XP level 4. HP: 36/40 MP: 3/3
  2003 | D:3      | Found Nonamal's Jewellery Shoppe.
  2085 | D:3      | Noticed Grinder
  2107 | D:3      | Killed Grinder
  2108 | D:3      | Reached skill level 8 in Axes
  2108 | D:3      | Reached XP level 5. HP: 21/46 MP: 4/4
  2108 | D:3      | Reached XP level 6. HP: 24/52 MP: 5/5
  2319 | D:3      | Found Moeqadgh's Antique Armour Boutique.
  2335 | D:3      | Found Yniozu's Armour Shoppe.
  2614 | D:3      | Reached skill level 9 in Axes
  2833 | D:3      | Found a shadowy altar of Dithmenos.
  3322 | D:4      | Found a white marble altar of Elyvilon.
  3551 | D:4      | Found a hazy altar of Hepliaklqana.
  3703 | D:4      | Reached *** piety under Trog
  3835 | D:4      | Reached XP level 7. HP: 58/58 MP: 6/6
  4156 | D:4      | Found an opulent altar of Gozag.
  4485 | D:5      | Entered Level 5 of the Dungeon
  4492 | D:5      | Reached skill level 10 in Axes
  4510 | D:5      | Reached skill level 11 in Axes
  5067 | D:5      | Found a bloodstained altar of Trog.
  5430 | D:5      | Reached XP level 8. HP: 63/66 MP: 7/7
  5713 | D:6      | Reached skill level 12 in Axes
  6008 | D:6      | Reached **** piety under Trog
  6487 | D:6      | Found a runed translucent gate.
  6490 | D:6      | Found a runed translucent gate.
  6492 | D:6      | Found a runed translucent gate.
  6492 | D:6      | Noticed stil's ghost (amateur MiFi)
  6561 | D:6      | Reached skill level 13 in Axes
  6881 | D:6      | Found an ancient bone altar of Kikubaaqudgha.
  6884 | D:6      | Found an ornate altar of the Wu Jian Council.
  6913 | D:6      | Found a radiant altar of Vehumet.
  6916 | D:6      | Found a shimmering altar of Xom.
  7056 | D:6      | Reached skill level 14 in Axes
  7057 | D:6      | Reached XP level 9. HP: 63/71 MP: 8/8
  7080 | D:6      | Reached skill level 15 in Axes
  7144 | D:6      | Killed stil's ghost
  7666 | D:7      | Found a staircase to the Ecumenical Temple.
  7746 | D:7      | Reached skill level 16 in Axes
  8421 | D:8      | Reached skill level 17 in Axes
  8425 | D:8      | Reached XP level 10. HP: 71/78 MP: 9/9
  8629 | D:8      | Found Noycot's Mass Market.
  8649 | D:8      | Reached ***** piety under Trog
  8911 | D:9      | Reached skill level 1 in Throwing
  9063 | D:9      | Noticed a gargoyle
  9069 | D:9      | Killed a gargoyle
  9070 | D:9      | Reached skill level 1 in Evocations
  9360 | D:9      | Reached skill level 5 in Fighting
  9376 | D:9      | Found Litih's Assorted Antiques.
  9391 | D:9      | Noticed a two-headed ogre
  9432 | D:9      | Killed a two-headed ogre
 10089 | D:10     | Entered Level 10 of the Dungeon
 10155 | D:10     | Found a burning altar of Makhleb.
 10189 | D:10     | Reached XP level 11. HP: 89/91 MP: 10/10
 10715 | D:10     | Found Jiacipn's Antique Weapon Shop.
 10738 | D:10     | Noticed a two-headed ogre
 10739 | D:10     | Noticed a two-headed ogre
 10751 | D:10     | Killed a two-headed ogre
 10752 | D:10     | Reached skill level 5 in Throwing
 10752 | D:10     | Reached skill level 5 in Armour
 10753 | D:10     | Noticed Lodul
 10753 | D:10     | Noticed a two-headed ogre
 10753 | D:10     | Noticed a two-headed ogre
 10763 | D:10     | Killed a two-headed ogre
 10763 | D:10     | Noticed a two-headed ogre
 10765 | D:10     | Noticed a two-headed ogre
 10766 | D:10     | Killed from afar by Lodul

Illustrated notes

Levels and vault maps discovered:
D:1:      saegor_arrival_simple_d, layout_rooms, serial_forest,
          infiniplex_forest_end_2, infiniplex_forest_pool,
          infiniplex_forest_3_way, infiniplex_forest_zigzag_1,
          infiniplex_forest_lined_1, infiniplex_forest_end_2,
          infiniplex_forest_pool, basic_ecumenical_altar, st_stairs_13,
          minivault_19, hangedman_abyss_or_decor_stabs
D:2:      layout_loops_corners, st_stairs_6, minmay_worlds_worst_comb
D:3:      layout_basic, grunt_dithmenos_smoke, serial_shops, shop, shop,
          nicolae_shop_stone, kennysheep_flooded_box, uniq_grinder
D:4:      layout_cave_pods, nicolae_elyvilon_peaceful_grove,
          nicolae_overflow_hidden_temple, lemuel_tele_altar,
          roderic_cross_of_infinity, abandoned_shop
D:5:      layout_cave_pools, trog_hazing_becter
D:6:      layout_gridville, grunt_temple_overflow_cloverleaf,
          gammafunk_ghost_nasty_kobolds
D:7:      layout_gridville, minmay_temple_entry_butterflies
D:8:      layout_loops_cross, amcnicky_mini_pool_small, minmay_shop_mass,
          chequers_serial_rivers_room_b
D:9:      layout_basic, serial_shops, shop
D:10:     layout_loops_corners, gammafunk_temple_overflow_forgotten,
          mainiacjoe_overflow_paths, mainiacjoe_overflow_alcove_4,
          dk_vineyard_2, nicolae_stop_n_shop_2, uniq_nergalle, uniq_lodul

Skill      XL: |  1  2  3  4  5  6  7  8  9 10 11 |
---------------+----------------------------------+-----
Axes           | 4 5 6 8 9 11 14 17 | 17.7
Fighting       | 6 7 |  7.8
Throwing       | 4 5 |  5.5
Armour         | 4 5 |  5.2
Evocations     | 2 3 |  3.3
Dodging        | |  2.2

Action                   |  1- 3 |  4- 6 |  7- 9 | 10-12 || total
-------------------------+-------+-------+-------+-------++-------
Melee: Hand axe          |    88 |    86 |   265 |       ||   439
       Headbutt          |     8 |    11 |    64 |    39 ||   122
       Punch             |     2 |     2 |     5 |     1 ||    10
       War axe           |       |       |   116 |   193 ||   309
Invok: Berserk           |       |     1 |     2 |     5 ||     8
       Brothers in Arms  |       |       |     1 |     1 ||     2
       Trog's Hand       |       |       |     1 |     1 ||     2
  Use: Scroll            |       |       |     6 |     1 ||     7
       Potion            |       |       |       |     1 ||     1
Armor: Ring mail         |    22 |    13 |     4 |       ||    39
       Plate armour      |       |       |   168 |    64 ||   232
       Skin              |       |       |       |     1 ||     1
Dodge: Dodged            |    45 |    39 |   108 |    50 ||   242

Table legend: (Time is in decaauts)
 A = Elapsed time spent in this place.
 B = Non-inter-level travel time spent in this place.
 C = Inter-level travel time spent in this place.
 D = Time resting spent in this place.
 E = Time spent auto-exploring this place.
 F = Levels seen in this place.
 G = Mean time per level.
                   A        B        C        D        E       F      G
               +--------+--------+--------+--------+--------+-----+--------+
         Total |  10647 |  10347 |    300 |   2425 |   6479 |  10 | 1064.7 |
       Dungeon |  10647 |  10347 |    300 |   2425 |   6479 |  10 | 1064.7 |
               +--------+--------+--------+--------+--------+-----+--------+

Top non-repeatable levels by time:
     D:6: 1638 daAuts
     D:4: 1539 daAuts
     D:3: 1468 daAuts
     D:9: 1188 daAuts
     D:2: 936 daAuts
     D:1: 927 daAuts
     D:8: 798 daAuts
     D:5: 786 daAuts
     D:7: 698 daAuts
    D:10: 665 daAuts
